 Dungeon Crawl Stone Soup version 0.28.0-53-g5a82cb258f (webtiles) character file.

Game seed: 9926438822101905445

100 pkoi the Conjurer (level 4, -5/33 HPs)
             Began as a Demigod Hedge Wizard on May 23, 2022.
             Blown up by Ijyb (12 damage)
             ... with a mindburst bolt
             ... on level 3 of the Dungeon.
             The game lasted 00:05:41 (5000 turns).

pkoi the Conjurer (Demigod Hedge Wizard)            Turns: 5000, Time: 00:05:41

Health: -5/33      AC:  7    Str: 11    XL:     4   Next: 23%
Magic:  9/10       EV: 16    Int: 20    God:
Gold:   105        SH:  0    Dex: 13    Spells: 2/8 levels left

rFire   . . .      SeeInvis .   l - +0 long sword (holy)
rCold   . . .      Faith    .   (no shield)
rNeg    . . .      Spirit   .   b - +0 robe
rPois   .          Reflect  .   c - +0 hat
rElec   .          Harm     .   o - +1 cloak
rCorr   .          Rampage  .   n - +2 pair of gloves
Will    .....                   (no boots)
Stlth   ++........              q - amulet of regeneration
HPRegen 0.91/turn               h - +4 ring of evasion
MPRegen 0.12/turn               (no ring)

@: no status effects
A: high MP 1, forlorn, divine attributes
a: no special abilities


You were on level 3 of the Dungeon.
You visited 1 branch of the dungeon, and saw 3 of its levels.

You collected 105 gold pieces.

Inventory:

Hand Weapons
 a - a +0 dagger
 d - a +0 dagger
 f - a +0 whip
 k - a +0 spear
 l - a +0 long sword of holy wrath (weapon)
Armour
 b - a +0 robe (worn)
 c - a +0 hat (worn)
 n - a +2 pair of gloves (worn)
 o - a +1 cloak (worn)
Jewellery
 h - a +4 ring of evasion (left hand)
 q - an amulet of regeneration (around neck)
Scrolls
 g - 2 scrolls of fear {unknown}
 i - 2 scrolls of blinking {unknown}
 m - a scroll of vulnerability {unknown}
 p - 2 scrolls of identify {unknown}
Potions
 e - 2 potions of might {unknown}
 j - a potion of brilliance {unknown}


   Skills:
 - Level 1.7 Dodging
 - Level 1.7 Stealth
 - Level 2.6 Spellcasting
 + Level 3.7 Conjurations
 - Level 0.8 Summonings
 - Level 1.0 Translocations
 + Level 1.0 Fire Magic


You had 2 spell levels left.
You knew the following spells:

 Your Spells              Type           Power      Damage    Failure   Level
a - Magic Dart            Conj           68%        1d6       3%          1
b - Blink                 Tloc           12%        N/A       14%         2
c - Conjure Flame         Conj/Fire      12%        6-21      17%         3

Your spell library contained the following spells:

 Spells                   Type           Power      Damage    Failure   Level
 Slow                     Hex            8%         N/A       14%         1
 Call Imp                 Summ           6%         N/A       16%         2
 Mephitic Cloud           Conj/Pois/Air  7%         N/A       26%         3


Dungeon Overview and Level Annotations

Branches:
Dungeon (3/15)

Annotations:
D:2 Terence
D:3 Ijyb


Innate Abilities, Weirdness & Mutations

You have an increased reservoir of magic. (+10% MP)
You shall have no god before yourself.
Your divine heritage dramatically boosts your attributes as you level up.


Message History

You see here a +0 club.
Ijyb zaps a wand.
You barely resist.
Ijyb zaps a wand.
You barely resist.
There is a stone staircase leading up, spattered with blood here.
Ijyb zaps a wand.
Your mind is blasted!
Ouch! That really hurt!
* * * LOW HITPOINT WARNING * * *
You climb upwards.
Level annotation: Terence
There is a stone staircase leading down here.
Okay, then.
You start resting.
Magic restored.
You start resting.
HP restored.
You start waiting.
Done waiting.
Things that are here:
14 stones; a +0 hunting sling; a +0 dagger You see here a +0 club.
There is a stone staircase leading down here.
You climb downwards.
Level annotation: Ijyb
There is a stone staircase leading up here.
Unknown command.
Unknown command.
Ijyb is nearby!
Ijyb is nearby!
The magic dart hits Ijyb.
Ijyb is lightly wounded.
Ijyb shouts!
Ijyb zaps a wand.
Your mind is blasted!
Ijyb screams, "Me stronger than you!"
Ijyb zaps a wand.
Your mind is blasted!
Ouch! That really hurt!
* * * LOW HITPOINT WARNING * * *
Ijyb zaps a wand.
Your mind is blasted!
* * * LOW HITPOINT WARNING * * *
Ijyb zaps a wand.
Your mind is blasted!
You die...

.#...#.#.........##
#.#.#.#...#.....#.#
.#.#.......#.....###
#.#.......#.#.#....#
.#.#...#...#.#.....#
#.#.........#.#....#
.#.#.......#.#.....#
..............#...##
.............#..@.#
........#.....#.#.#
.#.#.#.#.#.#.#.#.##
#.#.#.#.#.#.#.g...#
...#.#.#.#.#.#....#
..#.#.#.#.#.#.....#
...#.#.#.#.#.#....#
#.#.#.#.#..........
.#.#[#...#.........#


You could see Ijyb.

Vanquished Creatures
  Robin (D:2)
  2 adders
  An ufetubus (D:2)
  2 worms (D:2)
  3 dart slugs
  An orc (D:2)
  4 bats
  3 endoplasms (D:1)
  2 giant cockroaches
  13 goblins
  5 hobgoblins
  5 ball pythons
  3 frilled lizards
  2 kobolds
  8 rats
55 creatures vanquished.

Vanquished Creatures (others)
  16 plants (D:1)
16 creatures vanquished.

Grand Total: 71 creatures vanquished

Notes
Turn   | Place    | Note
-------+----------+-------------------------------------------
     0 | D:1      | pkoi the Demigod Hedge Wizard began the quest for the Orb.
     0 | D:1      | Reached XP level 1. HP: 14/14 MP: 6/6
    72 | D:1      | Reached skill level 1 in Conjurations
   674 | D:1      | Reached skill level 2 in Conjurations
   748 | D:1      | Reached XP level 2. HP: 20/20 MP: 1/8
  1675 | D:1      | You fall into a shaft and drop 1 floor!
  1724 | D:2      | Learned a level 2 spell: Blink
  1774 | D:2      | Reached skill level 1 in Translocations
  2147 | D:2      | Reached XP level 3. HP: 14/26 MP: 5/9
  2427 | D:2      | Noticed Terence
  2544 | D:2      | Reached skill level 3 in Conjurations
  3166 | D:3      | Learned a level 3 spell: Conjure Flame
  3646 | D:3      | Noticed Ijyb
  3686 | D:3      | Noticed Robin
  3694 | D:3      | Reached XP level 4. HP: 33/33 MP: 3/10
  4487 | D:2      | Killed Robin
  4488 | D:2      | Reached skill level 1 in Fire Magic
  5000 | D:3      | Blown up by Ijyb

Illustrated notes

Levels and vault maps discovered:
D:1:      lemuel_arrival_rhombus, layout_basic,
          shapermc_ecumenical_altar_flowoftime, serial_bayou_lagoon_a,
          hex_medium, minmay_domino_2
D:2:      layout_basic, basic_altar, dk_noncrumbling_3, uniq_terence
D:3:      layout_basic, uniq_robin, uniq_ijyb

Skill      XL: |  1  2  3  4 |
---------------+-------------+-----
Conjurations   | 2 3 |  3.7
Translocations | 1 |  1.0
Fire Magic     | 1 |  1.0
Dodging        | |  1.7
Stealth        | |  1.7
Spellcasting   | |  2.6
Summonings     | |  0.8

Action                   |  1- 3 |  4- 6 || total
-------------------------+-------+-------++-------
Melee: Dagger            |     2 |       ||     2
       Spear             |    12 |       ||    12
       Long sword        |       |    13 ||    13
 Cast: Magic Dart        |   119 |    29 ||   148
Armor: Robe              |     8 |    18 ||    26
Dodge: Dodged            |    20 |    43 ||    63
